 Dungeon Crawl Stone Soup version 0.27-a0-1220-g54dba09ff7 (webtiles) character file.

Game seed: 1942313602208529475

35413 DeathSun the Bludgeoner (level 13, -6/122 HPs)
             Began as a Minotaur Berserker on June 7, 2021.
             Was a High Priest of Trog.
             Mangled by a death yak (19 damage)
             ... on level 3 of the Lair of Beasts.
             The game lasted 00:49:28 (25622 turns).

DeathSun the Bludgeoner (Minotaur Berserker)       Turns: 25622, Time: 00:49:29

Health: -6/122     AC: 15    Str: 27    XL:     13   Next: 47%
Magic:  0/12       EV:  9    Int: 10    God:    Trog [*****.]
Gold:   933        SH:  0    Dex: 10    Spells: 12/12 levels left

rFire    . . .     SeeInvis .   I - +0 morningstar (freeze)
rCold    . . .     Faith    .   (no shield)
rNeg     . . .     Spirit   +   R - +0 chain mail {Will+}
rPois    +         Reflect  .   (helmet restricted)
rElec    .         Harm     .   o - +0 cloak
rCorr    .         Rampage  .   p - +0 pair of gloves
Will     +....                  e - +0 pair of boots
Stlth    ..........             m - amulet of guardian spirit
HPRegen  0.30/turn              M - ring of poison resistance
MPRegen  0.13/turn              W - +6 ring of intelligence

@: on berserk cooldown, slowed, very slow
A: horns 2, retaliatory headbutt
a: Renounce Religion, Berserk, Trog's Hand, Brothers in Arms


You were on level 3 of the Lair of Beasts.
You worshipped Trog.
Trog was extremely pleased with you.
You visited 3 branches of the dungeon, and saw 18 of its levels.
You also visited: Bailey.

You collected 1173 gold pieces.
You spent 240 gold pieces at shops.

Inventory:

Hand Weapons
 w - a +1 flail
 F - a +0 whip of freezing
 I - a +0 morningstar of freezing (weapon)
Missiles
 y - a throwing net
 A - 7 boomerangs of dispersal
 K - 20 boomerangs (quivered)
Armour
 e - a +0 pair of boots (worn)
 o - a +0 cloak (worn)
 p - a +0 pair of gloves (worn)
 R - a +0 chain mail of willpower (worn)
 T - a +0 plate armour
 Y - a +0 troll leather armour
 Z - +0 steam dragon scales
Jewellery
 m - an amulet of guardian spirit (around neck)
 M - a ring of poison resistance (left hand)
 W - a +6 ring of intelligence (right hand)
Wands
 a - a wand of flame (20)
 H - a wand of paralysis (11)
 J - a wand of acid (15)
 L - a wand of polymorph (9)
 N - a wand of mindburst (4)
 O - a wand of charming (17)
Scrolls
 c - 2 scrolls of teleportation
 d - 6 scrolls of silence
 g - 7 scrolls of enchant armour
 h - 2 scrolls of vulnerability {unknown}
 i - 3 scrolls of amnesia
 k - 2 scrolls of summoning
 n - a scroll of blinking {unknown}
 q - 2 scrolls of brand weapon
 v - 4 scrolls of enchant weapon
 x - 5 scrolls of noise
 z - a scroll of identify
 B - 5 scrolls of fog
 G - a scroll of immolation {unknown}
 P - a scroll of acquirement {unknown}
 U - a scroll of holy word {unknown}
Potions
 f - 5 potions of flight
 j - 2 potions of lignification
 l - a potion of brilliance {unknown}
 r - a potion of invisibility {unknown}
 s - a potion of mutation {unknown}
 t - a potion of haste {unknown}
 u - 4 potions of curing
 C - 3 potions of might
 D - 2 potions of magic
 E - 2 potions of ambrosia {unknown}
 S - a potion of berserk rage {unknown}
 V - a potion of cancellation {unknown}
 X - 2 potions of heal wounds {unknown}
Miscellaneous
 b - a phantom mirror
 Q - a tin of tremorstones (2/2)


   Skills:
 * Level 13.4 Fighting
 - Level 18.0 Maces & Flails
 - Level 7.0 Throwing
 - Level 10.0 Armour
 - Level 2.1 Dodging
 - Level 7.0 Evocations


You had 12 spell levels left.
You didn't know any spells.
Your spell library contained the following spells:

 Spells                   Type           Power      Damage    Failure   Level
 Animate Skeleton         Necr           0%         N/A       86%         1
 Apportation              Tloc           0%         N/A       86%         1
 Corona                   Hex            0%         N/A       86%         1
 Summon Small Mammal      Summ           0%         N/A       86%         1


Dungeon Overview and Level Annotations

Branches:
Dungeon (13/15)            Temple (0/1) D:4            Lair (4/6) D:8
  Swamp (0/4) Lair:3       Spider (0/4) Lair:3          Orc (1/2) D:9
 Bailey (visited)
 Vaults: D:13-14

Altars:
Cheibriados
Elyvilon
Fedhas
Sif Muna
Trog
Yredelemnul
Zin

Shops:
D:4 *   D:5 :   D:6 *   D:7 *


Innate Abilities, Weirdness & Mutations

You have a pair of horns on your head.
You reflexively headbutt those who attack you in melee.


Message History

The death yak gores your polar bear.
There is a stone staircase leading down here.
Unknown command.
You feel better.
Your bullfrog hits the death yak but does no damage.
The death yak gores you but does no damage.
Your polar bear completely misses the death yak.
Your polar bear claws the death yak but does no damage. x2
Your bullfrog hits the death yak but does no damage.
The death yak completely misses your bullfrog.
Your polar bear bites the death yak.
Your polar bear claws the death yak but does no damage. x2
Your iron troll goes berserk!
Your bullfrog completely misses the death yak.
Your bullfrog hits the death yak but does no damage.
The death yak gores your bullfrog!!
Your bullfrog dies!
Your bullfrog's corpse dissolves into shadows!
Your polar bear bites the death yak but does no damage.
Your polar bear completely misses the death yak.
Your polar bear claws the death yak but does no damage.
The death yak gores you.
* * * LOW HITPOINT WARNING * * *
The death yak gores your polar bear!!
You hit the death yak. You freeze the death yak.
The death yak is lightly wounded.
The death yak gores you but does no damage.
Your polar bear bites the death yak!
Your polar bear claws the death yak but does no damage. x2
The death yak closely misses you. The death yak gores your polar bear.
Your iron troll bites the death yak!
Your iron troll claws the death yak!! x2
You hit the death yak. You freeze the death yak. You headbutt the death yak.
The death yak is almost dead.
The death yak gores you!
* * * LOW HITPOINT WARNING * * *
Your polar bear bites the death yak.
Your polar bear barely misses the death yak.
Your polar bear claws the death yak but does no damage.
The death yak gores you!!
You die...

##. ###### #.. ###.#..##### ###
#.......##.## #P ##..Yh...#.P#
##. ###...>.......## ###..
##....T.....#.#.####....
#......YY..##.....##PP..
###..##@...........#....
##.###................
#.....................
##.............#...... ###
######..................≈≈
##.####..#.#.................≈.≈
#.#..#.P.....................≈≈.
##..P.P...P..................≈≈≈
#........#.PP..................


You could see 3 death yaks, a friendly iron troll (summoned, berserk) and a
friendly polar bear (summoned).

Vanquished Creatures
  Fannar (Lair:1)
  4 hydras
  3 two-headed ogres
  3 death yaks
  2 bog bodies (Lair:3)
  Pikel (D:5)
  Maurice (D:9)
  A manticore (D:12)
  A cyclops (D:11)
  A black mamba (Lair:3)
  5 elephants (Lair:3)
  A torpor snail (Lair:4)
  4 rime drakes
  5 cane toads
  3 kobold demonologists
  8 komodo dragons
  4 trolls
  A hornet (D:7)
  Prince Ribbit (D:5)
  3 blink frogs (Lair:1)
  A dream sheep (Lair:3)
  3 slime creatures (D:11)
  A vampire (D:10)
  2 wyverns
  Sigmund (D:6)
  45 yaks
  A basilisk (Lair:1)
  Grum (D:8)
  2 wraiths (D:11)
  A steam dragon (Lair:2)
  2 vampire mosquitoes (D:12)
  2 acid dragons
  7 water moccasins
  6 orc warriors
  An ice beast (D:6)
  3 ogres
  The ghost of Morbidden the Grave Robber, an amateur DDNe (D:3)
  14 wolves
  A phantom (D:5)
  6 centaurs
  2 kobold brigands
  13 bullfrogs
  A gnoll sergeant (D:10)
  2 scorpions
  A water moccasin zombie (D:6)
  A wyvern zombie (D:6)
  A wyvern skeleton (D:7)
  12 killer bees (D:9)
  6 wights
  3 howler monkeys
  2 bullfrog zombies (D:6)
  4 centaur zombies
  Crazy Yiuf (D:2)
  4 orc priests
  2 hounds (D:6)
  4 jellies
  A bullfrog skeleton (D:5)
  A centaur skeleton (D:7)
  3 gnoll shamans
  Jessica (D:2)
  3 iguanas
  5 orc wizards
  A killer bee zombie (D:7)
  Robin (D:4)
  6 adders
  21 gnolls
  A howler monkey skeleton (D:6)
  A shadow imp (D:6)
  2 adder skeletons
  3 worms
  2 dart slugs
  26 orcs
  An endoplasm (D:1)
  2 giant cockroaches (D:2)
  18 goblins
  12 hobgoblins
  12 jackals
  19 kobolds
  2 quokkas
  7 ball pythons
  14 bats
  5 frilled lizards
  6 rats
389 creatures vanquished.

Vanquished Creatures (collateral kills)
  A black mamba (Lair:1)
  A slime creature (D:12)
  A water moccasin (Lair:1)
3 creatures vanquished.

Vanquished Creatures (others)
  A bush (Lair:4)
  14 fungi
  20 plants
35 creatures vanquished.

Grand Total: 427 creatures vanquished

Notes
Turn   | Place    | Note
-------+----------+-------------------------------------------
     0 | D:1      | DeathSun the Minotaur Berserker began the quest for the
                  | Orb.
     0 | D:1      | Reached XP level 1. HP: 19/19 MP: 0/0
   245 | D:1      | Reached skill level 4 in Maces & Flails
   382 | D:1      | Reached XP level 2. HP: 26/26 MP: 1/1
  1040 | D:1      | Reached skill level 5 in Maces & Flails
  1301 | D:2      | Noticed Jessica
  1433 | D:2      | Reached XP level 3. HP: 31/31 MP: 2/2
  1538 | D:2      | Killed Jessica
  1539 | D:2      | Reached skill level 6 in Maces & Flails
  1539 | D:2      | Reached XP level 4. HP: 35/39 MP: 3/3
  1567 | D:2      | Reached ** piety under Trog
  1812 | D:2      | Found a runed translucent door.
  1813 | D:2      | Noticed Crazy Yiuf
  2072 | D:2      | Killed Crazy Yiuf
  2193 | D:3      | Reached skill level 7 in Maces & Flails
  2193 | D:3      | Reached XP level 5. HP: 43/45 MP: 4/4
  2811 | D:3      | Noticed Morbidden's ghost (amateur DDNe)
  2812 | D:3      | Found a runed translucent door.
  2856 | D:3      | Found a blossoming altar of Fedhas.
  2860 | D:3      | Found a glowing silver altar of Zin.
  2886 | D:3      | Found a white marble altar of Elyvilon.
  3341 | D:3      | Reached XP level 6. HP: 42/52 MP: 5/5
  3347 | D:3      | Reached *** piety under Trog
  3883 | D:3      | Killed Morbidden's ghost
  3884 | D:3      | Reached skill level 8 in Maces & Flails
  4561 | D:4      | Reached XP level 7. HP: 35/57 MP: 2/6
  4692 | D:4      | Reached skill level 5 in Fighting
  4815 | D:4      | Found a staircase to the Ecumenical Temple.
  4846 | D:4      | Noticed Robin
  4858 | D:4      | Killed Robin
  4935 | D:4      | Reached **** piety under Trog
  4985 | D:4      | Found Pobuy's Assorted Antiques.
  5142 | D:5      | Entered Level 5 of the Dungeon
  5198 | D:5      | Found Yhoheam's Book Shoppe.
  5209 | D:5      | Reached skill level 9 in Maces & Flails
  5277 | D:5      | Noticed Prince Ribbit
  5290 | D:5      | Killed Prince Ribbit
  5398 | D:5      | Reached skill level 5 in Armour
  5398 | D:5      | Reached XP level 8. HP: 53/70 MP: 7/7
  5643 | D:5      | Noticed Pikel
  5777 | D:5      | Killed Pikel
  5778 | D:5      | Reached skill level 10 in Maces & Flails
  5935 | D:6      | Reached skill level 11 in Maces & Flails
  6017 | D:6      | Found Pagor's Assorted Antiques.
  6109 | D:6      | Found a basalt altar of Yredelemnul.
  6690 | D:6      | Reached skill level 12 in Maces & Flails
  6713 | D:6      | Noticed Sigmund
  6899 | D:6      | Reached XP level 9. HP: 79/79 MP: 8/8
  7033 | D:6      | Killed Sigmund
  7263 | D:6      | Found a bloodstained altar of Trog.
  7476 | D:6      | Found a shimmering blue altar of Sif Muna.
  7664 | D:6      | Reached skill level 13 in Maces & Flails
  7903 | D:7      | Found a snail-covered altar of Cheibriados.
  8427 | D:7      | Found a flagged portal.
  8447 | Bailey   | Entered a bailey
  8838 | D:7      | Paralysed by a hornet for 1 turns
  8843 | D:7      | Reached skill level 14 in Maces & Flails
  8843 | D:7      | Reached skill level 1 in Evocations
  8956 | D:7      | Found Holampa's Serpentskin Sales.
  8963 | D:7      | Bought a ring of poison resistance for 240 gold pieces
  9035 | D:7      | Reached skill level 1 in Throwing
  9293 | D:8      | Noticed Grum
  9819 | D:8      | Reached XP level 10. HP: 74/84 MP: 7/9
 10280 | D:8      | Found a staircase to the Lair.
 10476 | D:8      | Reached ***** piety under Trog
 10726 | D:8      | Killed Grum
 11397 | D:9      | Noticed Maurice
 11449 | D:9      | Killed Maurice
 11501 | D:9      | Reached skill level 15 in Maces & Flails
 11592 | D:9      | Reached skill level 5 in Throwing
 12470 | D:9      | Found a staircase to the Orcish Mines.
 12649 | Orc:1    | Entered Level 1 of the Orcish Mines
 12721 | Lair:1   | Entered Level 1 of the Lair of Beasts
 12829 | Lair:1   | Noticed a black mamba
 12829 | Lair:1   | Noticed a cane toad
 12839 | Lair:1   | Killed a black mamba
 12842 | Lair:1   | Killed a cane toad
 13113 | Lair:1   | Noticed a cane toad
 13324 | Lair:1   | Noticed Fannar
 13336 | Lair:1   | Killed Fannar
 13337 | Lair:1   | Reached XP level 11. HP: 76/92 MP: 4/10
 13770 | D:10     | Entered Level 10 of the Dungeon
 14076 | D:10     | Noticed a two-headed ogre
 14082 | D:10     | Killed a two-headed ogre
 14104 | D:10     | Reached skill level 16 in Maces & Flails
 14272 | D:10     | Reached skill level 5 in Evocations
 15060 | D:10     | Noticed a two-headed ogre
 15065 | D:10     | Killed a two-headed ogre
 17308 | D:11     | Noticed a two-headed ogre
 17313 | D:11     | Killed a two-headed ogre
 18350 | D:12     | Noticed a sixfirhy
 18771 | D:12     | Reached XP level 12. HP: 63/104 MP: 5/11
 19029 | D:13     | Noticed a centaur warrior
 20045 | D:12     | Noticed a death knight
 20045 | D:12     | Noticed a death knight
 20513 | Lair:1   | Reached skill level 10 in Fighting
 21120 | Lair:2   | Noticed a five-headed hydra
 21133 | Lair:2   | Killed a five-headed hydra
 21397 | Lair:2   | Noticed a six-headed hydra
 21405 | Lair:2   | Killed a six-headed hydra
 22878 | Lair:3   | Found a hole to the Spider Nest.
 23017 | Lair:3   | Found a staircase to the Swamp.
 23068 | Lair:3   | Reached skill level 10 in Armour
 23098 | Lair:3   | Reached skill level 17 in Maces & Flails
 23340 | Lair:3   | Noticed a seven-headed hydra
 23350 | Lair:3   | Killed a seven-headed hydra
 23353 | Lair:3   | Reached XP level 13. HP: 118/118 MP: 9/12
 25608 | Lair:4   | Reached skill level 18 in Maces & Flails
 25622 | Lair:3   | Mangled by a death yak

Illustrated notes

Levels and vault maps discovered:
D:1:      dpeg_arrival_brainrot, layout_loops_ring, serial_bayou_pond_a
D:2:      layout_basic, uniq_jessica, uniq_crazy_yiuf_cottage
D:3:      layout_basic, grunt_temple_overflow_open,
          hellmonk_ghost_happy_afterlife, grunt_ministairs_11, roderic_batcave
D:4:      layout_rooms, minmay_temple_entry_gardened_gates, serial_shops,
          shop_coins, uniq_robin
D:5:      layout_basic, serial_shops, shop_statue, uniq_prince_ribbit1,
          uniq_pikel
D:6:      layout_cave_pods, nzn_overflow_gifts_of_might_and_magic,
          lemuel_zombie_altar_yredelemnul, serial_shops, shop, uniq_sigmund
D:7:      layout_loops_corners, slow_altar_1, enter_bailey_5,
          guppyfry_shop_venom
D:8:      layout_layer_cave, lair_entry_dummy, minmay_manual_mares, uniq_grum
D:9:      layout_loops_ring, orc_0_dummy, uniq_maurice
D:10:     layout_long_grid, amcnicky_mini_pool_small
D:11:     layout_stronghold
D:12:     layout_basic, nicolae_trove_entry_columns, minivault_22
D:13:     layout_loops_ring, hangedman_vaults_entry_quadrant_bands,
          gammafunk_ghost_necromancy, minmay_joined_circles
Lair:1:   layout_chaotic_city, uniq_fannar
Lair:2:   layout_regular_city, grunt_megastairs_1
Lair:3:   layout_cave_shapes, skrybe_swamp_entry_bodies, spider_nest_entry_a,
          minmay_shattered_shrine, lemuel_fruit_fields
Lair:4:   layout_gridlike, cheibrodos_lair_reptile_den, uniq_rupert
Orc:1:    layout_diamond_mine, serial_shops, nicolae_orc_lava_tube, uniq_sonja

Skill      XL: |  1  2  3  4  5  6  7  8  9 10 11 12 13 |
---------------+----------------------------------------+-----
Maces & Flails | 4 5 6 7 8 9 12 14 15 16 17 18 | 18.0
Fighting       | 4 5 7 9 12 13 | 13.4
Armour         | 3 5 7 10 | 10.0
Evocations     | 2 4 7 |  7.0
Throwing       | 2 6 7 |  7.0
Dodging        | |  2.1

Action                   |  1- 3 |  4- 6 |  7- 9 | 10-12 | 13-15 || total
-------------------------+-------+-------+-------+-------+-------++-------
Melee: Mace              |    50 |   178 |       |       |       ||   228
       Headbutt          |    10 |    19 |    42 |   135 |    26 ||   232
       Flail             |       |       |   127 |       |       ||   127
       Morningstar       |       |       |   152 |   576 |   143 ||   871
Throw: Boomerang         |       |       |       |    24 |     1 ||    25
Invok: Berserk           |     2 |     2 |     4 |    19 |     5 ||    32
       Trog's Hand       |       |       |       |     2 |     2 ||     4
       Brothers in Arms  |       |       |       |     2 |     1 ||     3
  Use: Scroll            |       |       |     1 |    14 |     4 ||    19
       Potion            |       |       |     1 |       |     1 ||     2
 Stab: Sleeping          |     2 |       |       |       |       ||     2
       Distracted        |       |       |       |     1 |       ||     1
Armor: Animal skin       |    10 |     8 |       |       |       ||    18
       Scale mail        |       |    65 |   128 |     5 |       ||   198
       Chain mail        |       |       |       |   272 |    45 ||   317
Dodge: Dodged            |    37 |   100 |   131 |   230 |    41 ||   539

Table legend: (Time is in decaauts)
 A = Elapsed time spent in this place.
 B = Non-inter-level travel time spent in this place.
 C = Inter-level travel time spent in this place.
 D = Time resting spent in this place.
 E = Time spent auto-exploring this place.
 F = Levels seen in this place.
 G = Mean time per level.
                   A        B        C        D        E       F      G
               +--------+--------+--------+--------+--------+-----+--------+
         Total |  25724 |  24602 |   1122 |   6601 |  14856 |  19 | 1353.9 |
       Dungeon |  19299 |  18294 |   1005 |   4793 |  11138 |  13 | 1484.5 |
          Lair |   6294 |   6177 |    117 |   1754 |   3712 |   4 | 1573.5 |
  Orcish Mines |      1 |      1 |      0 |      0 |      0 |   1 |    1.0 |
        Bailey |    129 |    129 |      0 |     53 |      6 |   1 |  129.0 |
               +--------+--------+--------+--------+--------+-----+--------+

Top non-repeatable levels by time:
    D:11: 2522 daAuts
    D:10: 2197 daAuts
     D:8: 1949 daAuts
     D:3: 1914 daAuts
  Lair:3: 1872 daAuts
  Lair:1: 1717 daAuts
     D:7: 1664 daAuts
     D:6: 1631 daAuts
  Lair:2: 1562 daAuts
    D:12: 1500 daAuts
     D:9: 1369 daAuts
     D:1: 1269 daAuts
  Lair:4: 1143 daAuts
     D:2: 1115 daAuts
     D:5: 953 daAuts
